 Dungeon Crawl Stone Soup version 0.21.1-1-g345015f (webtiles) character file.

93492 snakesoul the Severer (level 15, -16/148 HPs)
             Began as a Minotaur Fighter on July 28, 2018.
             Was a High Priest of Okawaru.
             Killed from afar by a blizzard demon (45 damage)
             ... with a bolt of lightning
             ... on level 3 of the Abyss.
             The game lasted 01:07:02 (26020 turns).

snakesoul the Severer (Minotaur Fighter)           Turns: 26020, Time: 01:07:02

Health: -16/148    AC: 27    Str: 26    XL:     15   Next: 60%
Magic:  14/14      EV: 14    Int:  5    God:    Okawaru [*****.]
Gold:   2838       SH:  3    Dex: 11    Spells: 14/14 levels left

rFire    . . .     SeeInvis .   I - +0 executioner's axe (chop)
rCold    . . .     Gourm    .   (shield currently unavailable)
rNeg     + . .     Faith    .   Y - +3 pearl dragon scales
rPois    .         Spirit   .   B - +2 hat
rElec    .         Reflect  +   N - +1 cloak
rCorr    .         Harm     .   y - +1 pair of gloves {archery}
MR       ++...     Rnd*Rage +   M - +2 pair of boots of Xacyurph {Regen+ Slay+2}
Stlth    ..........             o - +3 amulet of reflection
HPRegen  0.74/turn              p - ring of protection from magic
MPRegen  0.14/turn              (no ring)

@: very slightly contaminated, drained
A: retaliatory headbutt, horns 2, [berserk 3], [deterioration 2]
a: Heroism, Finesse, Renounce Religion


You were on level 3 of the Abyss.
You worshipped Okawaru.
Okawaru was extremely pleased with you.
You were hungry.

You visited 4 branches of the dungeon, and saw 24 of its levels.
You visited the Abyss 1 time.
You visited 1 bazaar.
You also visited: Bailey and Ice Cave.

You collected 3094 gold pieces.
You spent 256 gold pieces at shops.

Inventory:

Hand Weapons
 I - a +0 executioner's axe of chopping (weapon)
 J - a +1 demon trident of electrocution
 Q - the +5 longbow of Glory {flame, *Contam rC+ Int+6}
   (Okawaru gifted it to you on level 15 of the Dungeon)

   It causes projectiles fired from it to burn those they strike, causing extra
   injury to most foes and up to half again as much damage against particularly
   susceptible opponents.
   It affects your intelligence (+6).
   It protects you from cold.
   It causes magical contamination when unequipped.
 V - a +1 shortbow of freezing
Missiles
 W - 148 arrows
Armour
 u - the +0 crystal plate armour of Dice, Bag, and Bottle {rElec rPois Regen+ Dex-5}
   (Okawaru gifted it to you on level 5 of the Lair of Beasts)

   It affects your dexterity (-5).
   It insulates you from electricity.
   It protects you from poison.
   It increases your rate of regeneration.
 v - a +0 shield
 y - a +1 pair of gloves of archery (worn)
 B - a +2 hat (worn)
 M - the +2 pair of boots of Xacyurph (worn) {Regen+ Slay+2}
   (You bought it in a shop in a bazaar)

   It affects your accuracy and damage with ranged weapons and melee attacks
   (+2).
   It increases your rate of regeneration.
 N - a +1 cloak (worn)
 Y - +3 pearl dragon scales (worn)
Jewellery
 l - an uncursed ring of protection from cold
 o - a +3 amulet of reflection (around neck)
 p - a ring of protection from magic (left hand)
 R - an uncursed ring of poison resistance
Wands
 c - a wand of scattershot (4)
 z - a wand of polymorph (25)
 D - a wand of clouds (6)
 G - a wand of digging (11)
 U - a wand of flame (30)
Scrolls
 b - 2 scrolls of teleportation
 j - a scroll of identify
 k - 11 scrolls of remove curse
 n - 2 scrolls of enchant armour
 q - a scroll of blinking
 A - 9 scrolls of amnesia
 E - 3 scrolls of magic mapping
 K - a scroll of acquirement {unknown}
 L - a scroll of fear
 O - 4 scrolls of enchant weapon
 P - a scroll of torment {unknown}
 X - 4 scrolls of fog
Potions
 a - 3 potions of cancellation {unknown}
 d - 3 potions of mutation {unknown}
 g - 7 potions of curing
 h - 5 potions of berserk rage {unknown}
 i - 4 potions of brilliance
 r - a potion of experience {unknown}
 s - 2 potions of flight {unknown}
 t - 5 potions of degeneration {unknown}
 w - 3 potions of lignification {unknown}
 x - 2 potions of agility
 C - a potion of invisibility
 F - 3 potions of resistance {unknown}
 H - 5 potions of ambrosia {unknown}
 S - 2 potions of magic {unknown}
Books
 T - a Necronomicon

   Spells                             Type                      Level
   a - Haunt                          Necromancy/Summoning         7
   b - Borgnjor's Revivification      Necromancy                   8
   c - Death's Door                   Charms/Necromancy            8
   d - Infestation                    Necromancy                   8
   e - Necromutation                  Transmutation/Necromancy     8
Comestibles
 f - 44 rations


   Skills:
 * Level 17.7(17.3) Fighting
 + Level 19.6(19.1) Axes
 * Level 5.6(5.3) Bows
 - Level 9.0(8.7) Armour
 * Level 10.0(9.7) Dodging
 * Level 12.3(11.9) Shields


You had 14 spell levels left.
You didn't know any spells.

Dungeon Overview and Level Annotations

Branches:
Dungeon (15/15)            Temple (1/1) D:6            Lair (6/6) D:10
 Shoals (0/4) Lair:2        Snake (0/4) Lair:3        Slime (0/5) Lair:5
    Orc (2/2) D:10            Elf (0/3) Orc:2        Vaults (0/5) D:14
 Depths: D:15

Altars:
Ashenzari
Cheibriados
Dithmenos
Elyvilon
Fedhas
Gozag
Hepliaklqana
Kikubaaqudgha
Makhleb
Nemelex Xobeh
Okawaru
Qazlal
Ru
Sif Muna
Trog
Uskayaw
Vehumet
Wu Jian
Xom
Yredelemnul
Zin
The Shining One
Beogh

Shops:
D:13 (   Orc:2 ([}[

Annotations:
D:11 Sonja
D:15 Louise


Innate Abilities, Weirdness & Mutations

You reflexively headbutt those who attack you in melee.
You have a pair of horns on your head.
[You have an uncontrollable temper.]
[Your body often deteriorates upon taking damage.]


Message History

A quasit comes into view.
You are engulfed in freezing vapours.
* * * LOW HITPOINT WARNING * * *
The quasit gives a chilling moan.
The blizzard demon is engulfed in freezing vapours.
The blizzard demon is engulfed in freezing vapours.
The thrashing horror roars!
The thrashing horror tramples you but does no damage.
The thrashing horror completely misses you.
The quasit bites you but does no damage.
The quasit misses you. The quasit closely misses you.
The thrashing horror roars!
The thrashing horror tramples you.
* * * LOW HITPOINT WARNING * * *
You hold your ground!
The thrashing horror barely misses you.
The quasit closely misses you. x2; You block the quasit's attack.
The blizzard demon gestures at you.
The bolt of lightning misses the quasit.
The bolt of lightning hits you!
You die...

# .# # .. .## .#
# ...# ..### #.
##... ....##.#
###§#..
#.##..####.§#.##
..x.#.#x2.§....#
##..N...#.#X###.#
..##.§#§##5@#
#....§§#..##..#
..#.§§ #....#.#
..##..###..##..#
#. #..# 5## ## .#
...# #. #..#. ..
..>#. .# .#.. .


You could see a blizzard demon, a thrashing horror, a worldbinder and a quasit.

Vanquished Creatures
  Saint Roka (Orc:2)
  Rupert (Orc:2)
  The ghost of Lilu the Warrior, a journeyman OgBe of Trog (Lair:6)
  Agnes (D:15)
  Snorg (D:11)
  An ettin (Orc:1)
  Josephine (Orc:1)
  The ghost of Rwicked the Basher, a journeyman MiBe of Trog (Lair:2)
  8 hydras
  A rakshasa (D:14)
  Harold (D:10)
  Erica (Orc:1)
  6 two-headed ogres
  2 dancing weapons (D:14)
  2 centaur warriors
  3 tengu warriors
  4 death yaks
  2 orc high priests
  The ghost of Wendigo the Skirmisher, a novice DrWz of Sif Muna (D:7)
  Nergalle (D:11)
  5 skeletal warriors (D:12)
  An unseen horror (D:12)
  A wizard (D:14)
  The ghost of poxu the Thaumaturge, a novice DEWz of Vehumet (D:8)
  4 orc knights
  13 ugly things
  A cyclops (D:15)
  A deep elf mage (D:15)
  7 orc sorcerers
  A manticore (D:14)
  6 elephants
  8 black mambas
  4 spiny frogs
  2 gargoyles
  3 yaktaurs (D:14)
  2 rime drakes
  16 komodo dragons
  3 polar bears (IceCv)
  The ghost of Curus the Cleaver, an amateur MiBe of Trog (D:5)
  4 trolls
  A slime creature (D:15)
  9 dream sheep
  A hornet (D:14)
  3 blink frogs (Lair:6)
  12 hippogriffs
  A shadow (D:15)
  34 yaks
  Sigmund (D:5)
  5 wraiths
  2 wyverns
  A fire bat (Abyss:3)
  A vampire (D:10)
  The ghost of bli the Skirmisher, an amateur FoAK of Lugonu (D:9)
  4 hogs (D:7)
  Grum (D:9)
  2 basilisks
  A human (D:7)
  A hungry ghost (D:12)
  4 vampire mosquitoes
  Menkaure (D:5)
  An acid dragon (D:14)
  A warg (Orc:1)
  Edmund (D:5)
  29 water moccasins
  7 porcupines
  Duvessa (D:6)
  A black bear (D:13)
  A swamp drake (D:10)
  2 ice beasts
  2 sky beasts (D:12)
  A necrophage (D:12)
  50 orc warriors
  3 phantoms
  16 wolves
  8 crocodiles
  9 ogres
  11 centaurs
  Blork the orc (D:6)
  2 big kobolds
  11 bullfrogs
  A gnoll sergeant (D:6)
  Dowan (D:6)
  2 wyvern skeletons
  6 jellies
  3 scorpions
  13 killer bees
  8 howler monkeys
  13 wights
  7 crimson imps
  5 centaur skeletons
  9 hounds
  2 bullfrog skeletons
  17 orc priests
  39 orc wizards
  4 iguanas
  Natasha (twice) (D:2)
  9 worker ants
  A hound zombie (D:5)
  2 hound skeletons
  A worker ant zombie (D:5)
  10 gnolls
  A howler monkey skeleton (D:11)
  26 adders
  6 shadow imps
  4 oozes
  2 adder zombies
  A worm (D:3)
  2 dart slugs
  4 leopard geckos
  109 orcs
  2 ball pythons (Lair:3)
  A bat (D:1)
  3 giant cockroaches
  14 goblins
  12 hobgoblins
  22 jackals
  32 kobolds
  3 quokkas
  A frilled lizard (D:1)
  A jackal skeleton (D:5)
  6 rats
775 creatures vanquished.

Vanquished Creatures (collateral kills)
  A bush (Lair:3)
  A fungus (Lair:3)
2 creatures vanquished.

Vanquished Creatures (others)
  A death yak (IceCv)
  A gargoyle (D:14)
  A polar bear (IceCv)
  A fire bat (Abyss:3)
  2 yaks (IceCv)
  2 wolves (IceCv)
  A human (D:6)
  A kobold (Bailey)
  7 fungi
  11 plants
  6 starspawn tentacles (Abyss:3)
34 creatures vanquished.

Grand Total: 811 creatures vanquished

Notes
Turn   | Place    | Note
-------+----------+-------------------------------------------
     0 | D:1      | snakesoul the Minotaur Fighter began the quest for the Orb.
     0 | D:1      | Reached XP level 1. HP: 19/19 MP: 0/0
    59 | D:1      | Reached skill level 3 in Axes
    64 | D:1      | Reached XP level 2. HP: 17/27 MP: 1/1
   240 | D:1      | Reached XP level 3. HP: 30/33 MP: 2/2
   357 | D:1      | Reached skill level 4 in Axes
   473 | D:2      | Reached XP level 4. HP: 31/41 MP: 3/3
   533 | D:2      | Noticed Natasha
   538 | D:2      | Killed Natasha
   538 | D:2      | Reached skill level 5 in Axes
   590 | D:2      | Noticed Natasha
   594 | D:2      | Killed Natasha
   594 | D:2      | Reached skill level 5 in Fighting
   594 | D:2      | Reached XP level 5. HP: 44/48 MP: 4/4
  1421 | D:3      | Reached skill level 6 in Axes
  1700 | D:4      | Reached XP level 6. HP: 45/56 MP: 5/5
  2230 | D:4      | Found a hide-covered altar of Uskayaw.
  2230 | D:4      | Found a blossoming altar of Fedhas.
  2309 | D:5      | Entered Level 5 of the Dungeon
  2335 | D:5      | Noticed Sigmund
  2343 | D:5      | Killed Sigmund
  2343 | D:5      | Reached skill level 7 in Axes
  2444 | D:5      | Noticed Menkaure
  2450 | D:5      | Killed Menkaure
  2450 | D:5      | Reached skill level 8 in Axes
  2450 | D:5      | Reached XP level 7. HP: 45/64 MP: 6/6
  2735 | D:5      | Found an ornate altar of the Wu Jian Council.
  2842 | D:5      | Noticed Curus's ghost (amateur MiBe)
  2854 | D:5      | Killed Curus's ghost
  2854 | D:5      | Reached skill level 9 in Axes
  2869 | D:5      | Reached XP level 8. HP: 19/73 MP: 7/7
  3290 | D:5      | Noticed Edmund
  3304 | D:5      | Killed Edmund
  3304 | D:5      | Reached skill level 10 in Axes
  3309 | D:5      | Found a shimmering altar of Xom.
  3472 | D:6      | Noticed Duvessa
  3476 | D:6      | Noticed Dowan
  3485 | D:6      | Killed Duvessa
  3487 | D:6      | Killed Dowan
  3735 | D:6      | Reached skill level 11 in Axes
  3752 | D:6      | HP: 3/75 [poisoned by a gnoll sergeant]
  4107 | D:6      | Noticed Blork the orc
  4121 | D:6      | Killed Blork the orc
  4154 | D:6      | Reached XP level 9. HP: 41/82 MP: 8/8
  4373 | D:6      | Found an ancient bone altar of Kikubaaqudgha.
  4475 | D:6      | Found a staircase to the Ecumenical Temple.
  4486 | Temple   | Entered the Ecumenical Temple
  5109 | D:7      | Noticed Wendigo's ghost (novice DrWz)
  5119 | D:7      | Reached skill level 12 in Axes
  5137 | D:7      | Killed Wendigo's ghost
  5308 | D:7      | Reached skill level 10 in Fighting
  5308 | D:7      | Reached skill level 13 in Axes
  5458 | D:7      | Reached XP level 10. HP: 59/94 MP: 9/9
  5787 | D:7      | Reached skill level 14 in Axes
  6080 | D:8      | Noticed poxu's ghost (novice DEWz)
  6130 | D:8      | Killed poxu's ghost
  6394 | D:8      | Found a shadowy altar of Dithmenos.
  6486 | D:8      | Found a basalt altar of Yredelemnul.
  6489 | D:8      | Found an iron altar of Okawaru.
  6493 | D:8      | Became a worshipper of Warmaster Okawaru
  6499 | D:8      | Found a deep blue altar of Sif Muna.
  6828 | D:9      | Reached skill level 15 in Axes
  7192 | D:9      | Noticed Grum
  7196 | D:9      | Reached * piety under Okawaru
  7210 | D:9      | Killed Grum
  7519 | D:9      | Noticed bli's ghost (amateur FoAK)
  7528 | D:9      | Killed bli's ghost
  8155 | D:10     | Entered Level 10 of the Dungeon
  8522 | D:10     | Reached XP level 11. HP: 93/104 MP: 10/10
  8546 | D:10     | Reached ** piety under Okawaru
  8891 | D:10     | Noticed a two-headed ogre
  8902 | D:10     | Killed a two-headed ogre
  8902 | D:10     | Reached skill level 16 in Axes
  9089 | D:10     | Found a staircase to the Orcish Mines.
  9869 | D:10     | Found a staircase to the Lair.
  9997 | Orc:1    | Entered Level 1 of the Orcish Mines
 10004 | Orc:1    | Noticed an orc high priest
 10006 | Orc:1    | Noticed an orc sorcerer
 10492 | Lair:1   | Entered Level 1 of the Lair of Beasts
 10492 | Lair:1   | Noticed Harold
 10838 | D:10     | Killed Harold
 10838 | D:10     | Reached *** piety under Okawaru
 11181 | D:11     | Noticed Sonja
 11189 | D:11     | Found a flickering gateway to a bazaar.
 11198 | Bazaar   | Entered a bazaar
 11198 | Bazaar   | Found Meojesua's General Store.
 11198 | Bazaar   | Found Runum's Distillery.
 11198 | Bazaar   | Found Veipo's Food Shop.
 11198 | Bazaar   | Found Moost's Antique Armour Shoppe.
 11200 | Bazaar   | Found Boxupueq's Assorted Antiques.
 11200 | Bazaar   | Found Viedough's Antique Armour Shoppe.
 11226 | Bazaar   | Bought a pair of twisted boots for 256 gold pieces
 11226 | Bazaar   | Identified the +2 pair of boots of Xacyurph {Regen+ Slay+2} (You bought it in a shop in a bazaar)
 11269 | D:11     | Noticed a green ugly thing
 11281 | D:11     | Killed a green ugly thing
 11437 | D:11     | Reached skill level 17 in Axes
 11712 | D:11     | Noticed a seven-headed hydra
 11722 | D:11     | Killed a seven-headed hydra
 11722 | D:11     | Reached **** piety under Okawaru
 12071 | D:11     | Noticed Snorg
 12072 | D:11     | Noticed Nergalle
 12079 | D:11     | Killed Snorg
 12092 | D:11     | Killed Nergalle
 12801 | Lair:1   | Found the +8 whip "Snakebite" {curare, rPois}
 13052 | Lair:2   | Reached XP level 12. HP: 115/115 MP: 11/11
 13056 | Lair:2   | Noticed Rwicked's ghost (journeyman MiBe)
 13098 | Lair:2   | Killed Rwicked's ghost
 13098 | Lair:2   | Reached ***** piety under Okawaru
 13098 | Lair:2   | Reached skill level 5 in Armour
 13098 | Lair:2   | Reached skill level 5 in Shields
 13410 | Lair:2   | Found a staircase to the Shoals.
 14124 | Lair:3   | Found a staircase to the Snake Pit.
 14149 | Lair:3   | Received a gift from Okawaru
 14707 | Lair:4   | Noticed an eight-headed hydra
 14718 | Lair:3   | Killed an eight-headed hydra
 14911 | Lair:4   | Reached ****** piety under Okawaru
 14911 | Lair:4   | Reached skill level 18 in Axes
 15308 | Lair:4   | You fall through a shaft!
 15473 | Lair:5   | Noticed a seven-headed hydra
 15475 | Lair:5   | Noticed a four-headed hydra
 15482 | Lair:5   | Killed a seven-headed hydra
 15490 | Lair:5   | Killed a four-headed hydra
 15490 | Lair:5   | Reached XP level 13. HP: 50/125 MP: 12/12
 15644 | Lair:5   | Found a staircase to the Slime Pits.
 15888 | Lair:5   | Received a gift from Okawaru
 16661 | Lair:6   | Entered Level 6 of the Lair of Beasts
 16768 | Lair:6   | Reached skill level 15 in Fighting
 16825 | Lair:5   | Received a gift from Okawaru
 16825 | Lair:5   | Reached skill level 1 in Dodging
 16831 | Lair:5   | Got a faintly glowing crystal plate armour {god gift}
 16832 | Lair:5   | Identified the +0 crystal plate armour of Dice, Bag, and Bottle {rElec rPois Regen+ Dex-5} (Okawaru gifted it to you on level 5 of the Lair of Beasts)
 17398 | Lair:6   | Noticed Lilu's ghost (journeyman OgBe)
 17435 | Lair:6   | Killed Lilu's ghost
 17441 | Lair:6   | HP: 1/127 [komodo dragon (16)]
 17717 | Lair:6   | Reached skill level 5 in Dodging
 18552 | Orc:1    | Reached XP level 14. HP: 136/136 MP: 13/13
 18807 | Orc:1    | Noticed Erica
 18814 | Orc:1    | Noticed Josephine
 18858 | Orc:1    | Killed Josephine
 18858 | Orc:1    | Reached skill level 10 in Shields
 18869 | Orc:1    | Killed Erica
 18869 | Orc:1    | Received a gift from Okawaru
 19825 | Orc:2    | Entered Level 2 of the Orcish Mines
 19937 | Orc:2    | Found a staircase to the Elven Halls.
 20201 | Orc:2    | Reached skill level 19 in Axes
 20273 | Orc:2    | Found a roughly hewn altar of Beogh.
 20411 | Orc:2    | Found a frozen archway.
 20457 | Orc:2    | Found a roughly hewn altar of Beogh.
 20498 | IceCv    | Entered an ice cave
 20899 | Orc:2    | Found Belel's Antique Armour Shop.
 20982 | Orc:2    | Found a roughly hewn altar of Beogh.
 21016 | Orc:2    | Found Ilis's Gadget Emporium.
 21152 | Orc:2    | Noticed Rupert
 21171 | Orc:2    | Killed Rupert
 21426 | Orc:2    | Noticed Saint Roka
 21591 | Orc:2    | Killed Saint Roka
 21591 | Orc:2    | Received a gift from Okawaru
 21791 | Orc:2    | Found a roughly hewn altar of Beogh.
 21791 | Orc:2    | Found Nudyw's Antique Weapon Shoppe.
 21799 | Orc:2    | Found Minnyrorph's Antique Armour Emporium.
 22324 | D:12     | Reached skill level 1 in Bows
 22539 | D:12     | Found a flagged portal.
 22553 | Bailey   | Entered a bailey
 23395 | D:13     | Reached XP level 15. HP: 96/147 MP: 14/14
 23426 | D:13     | Received a gift from Okawaru
 23893 | D:13     | Found Anaumur's Weapon Shoppe.
 24841 | D:14     | Found a shattered altar of Ashenzari.
 24847 | D:14     | Reached skill level 5 in Bows
 25075 | D:14     | Found a gate to the Vaults.
 25433 | D:15     | Entered Level 15 of the Dungeon
 25437 | D:15     | Noticed Agnes
 25448 | D:15     | Killed Agnes
 25499 | D:15     | Received a gift from Okawaru
 25504 | D:15     | Got a pitted longbow {god gift}
 25566 | D:15     | Identified the +5 longbow of Glory {flame, *Contam rC+ Int+6} (Okawaru gifted it to you on level 15 of the Dungeon)
 25588 | D:15     | Reached skill level 10 in Dodging
 25713 | D:15     | Noticed Louise
 25722 | D:15     | Cast into level 3 of the Abyss (Louise)
 25755 | Abyss:3  | Noticed a tentacled starspawn
 25988 | Abyss:3  | Noticed a tentacled starspawn
 26020 | Abyss:3  | Killed from afar by a blizzard demon

Skill      XL: |  1  2  3  4  5  6  7  8  9 10 11 12 13 14 15 |
---------------+----------------------------------------------+-----
Axes           | 3 4 5 6 8 9 11 13 15 17 18 19 | 19.6
Fighting       | 4 5 6 7 8 10 12 13 14 15 17 | 17.7
Armour         | 4 8 9 |  9.0
Shields        | 4 8 9 11 12 | 12.3
Dodging        | 5 8 10 | 10.0
Bows           | 3 5 |  5.6

Action                   |  1- 3 |  4- 6 |  7- 9 | 10-12 | 13-15 || total
-------------------------+-------+-------+-------+-------+-------++-------
Melee: War axe           |    71 |   112 |    32 |       |       ||   215
       Headbutt          |     8 |    20 |    46 |   198 |   256 ||   528
       Trident           |       |       |   156 |     6 |       ||   162
       Hand axe          |       |       |    96 |   517 |       ||   613
       Whip              |       |       |       |   327 |   690 ||  1017
       Executioner's axe |       |       |       |       |   463 ||   463
 Fire: Shortbow          |       |       |       |       |    91 ||    91
       Longbow           |       |       |       |       |    11 ||    11
Invok: Heroism           |       |       |       |     3 |     2 ||     5
       Finesse           |       |       |       |       |     3 ||     3
  Use: Potion            |       |     1 |     5 |     3 |    12 ||    21
       Scroll            |       |       |     2 |    26 |    11 ||    39
 Stab: Distracted        |       |       |     1 |       |       ||     1
  Eat: Chunk             |       |     5 |    10 |    25 |    28 ||    68
       Ration            |       |       |       |     2 |     2 ||     4
Armor: Scale mail        |    41 |    37 |    59 |       |       ||   137
       Plate armour      |       |       |    36 |   202 |       ||   238
       Pearl dragon scal |       |       |       |    54 |   395 ||   449
       Crystal plate arm |       |       |       |       |   131 ||   131
Dodge: Dodged            |    22 |    36 |    47 |    86 |   396 ||   587
Block: Shield            |    39 |    51 |   140 |   296 |   263 ||   789
       Reflection        |       |     2 |     4 |     2 |     3 ||    11
       Other             |       |       |       |       |    43 ||    43
